 Dungeon Crawl Stone Soup version 0.24.0-1-gfbc8707122 (webtiles) character file.

Game seed: 326006780763293657, levelgen mode: deterministic

14 Chiseanne the Firebug (level 2, -2/17 HPs)
             Began as a Halfling Fire Elementalist on Oct 26, 2019.
             Slain by Natasha (8 damage)
             ... on level 2 of the Dungeon.
             The game lasted 00:01:51 (821 turns).

Chiseanne the Firebug (Halfling Fire Elementalist)   Turns: 821, Time: 00:01:51

Health: -2/17      AC:  2    Str:  9    XL:     2   Next: 60%
Magic:  0/4        EV: 15    Int: 13    God:
Gold:   55         SH:  0    Dex: 14    Spells: 1/4 levels left

rFire    . . .     SeeInvis .   e - +0 dagger
rCold    . . .     Gourm    .   (shield restricted)
rNeg     . . .     Faith    .   a - +0 robe
rPois    .         Spirit   .   (no helmet)
rElec    .         Reflect  .   (no cloak)
rCorr    .         Harm     .   (no gloves)
MR       .....                  (no boots)
Stlth    ++........             (no amulet)
HPRegen  0.05/turn              (no ring)
MPRegen  0.09/turn              (no ring)

@: very slightly contaminated, invisible
A: small, mutation resistance 1
a: no special abilities


You were on level 2 of the Dungeon.
You were not hungry.

You visited 1 branch of the dungeon, and saw 2 of its levels.

You collected 55 gold pieces.

Inventory:

Hand Weapons
 e - a +0 dagger (weapon)
Missiles
 d - 11 arrows
 g - 12 sling bullets
 h - 18 stones (quivered)
Armour
 a - a +0 robe (worn)
Jewellery
 f - an uncursed amulet of harm {unknown}
 j - an uncursed ring of poison resistance {unknown}
Scrolls
 b - 2 scrolls of identify {unknown}
 k - a scroll of enchant weapon {unknown}
Potions
 i - 2 potions of invisibility
Comestibles
 c - a ration


   Skills:
 - Level 2.1 Dodging
 - Level 2.1 Stealth
 * Level 1.8 Spellcasting
 * Level 1.2 Conjurations
 * Level 3.2 Fire Magic


You had one spell level left.
You knew the following spells:

 Your Spells              Type           Power        Failure   Level  Hunger
a - Flame Tongue          Conj/Fire      #....        11%         1    ##.....
b - Throw Flame           Conj/Fire      #.....       16%         2    ###....

Your spell library contained the following spells:

 Spells                   Type           Power        Failure   Level  Hunger
 Conjure Flame            Conj/Fire      #.......     30%         3    ####...
 Inner Flame              Hex/Fire       #.......     36%         3    ####...
 Sticky Flame             Conj/Fire      #.......     71%         4    #####..
 Fireball                 Conj/Fire      #.........   96%         5    ######.


Dungeon Overview and Level Annotations

Branches:
Dungeon (2/15)

Altars:

Annotations:
D:2 Natasha


Innate Abilities, Weirdness & Mutations

You are small and have problems with some larger weapons.
You are somewhat resistant to further mutation.


Message History

The flame tongue misses Natasha.
Natasha claws you.
Casting: Flame Tongue (safe; 11% risk of failure)
Confirm with . or Enter, or press ? or * to list all spells.
Aiming: Flame Tongue (safe; 11% risk of failure)
Press: ? - help, Shift-Dir - straight line, f/p - Natasha
Aim: Natasha (lightly wounded)
The flame tongue hits Natasha.
Natasha is moderately wounded.
Natasha claws you!
It was a potion of invisibility.
You fade into invisibility!
Natasha casts a spell.
You are very lightly contaminated with residual magic.
You hit Natasha but do no damage.
Natasha is moderately wounded.
Natasha claws you.
You hit Natasha.
Natasha is severely wounded.
Natasha claws you!
You die...

#### ...#
...# ...#
...#
#########...#
#@h5........+
#########...#
...# ...#
####


You could see Natasha and a crimson imp.

Vanquished Creatures
  A leopard gecko (D:1)
  A giant cockroach (D:1)
  3 goblins
  3 bats (D:1)
  A frilled lizard (D:1)
  A kobold (D:1)
  3 rats
13 creatures vanquished.

Notes
Turn   | Place    | Note
-------+----------+-------------------------------------------
     0 | D:1      | Chiseanne the Halfling Fire Elementalist began the quest
                  | for the Orb.
     0 | D:1      | Reached XP level 1. HP: 11/11 MP: 3/3
   195 | D:1      | Reached skill level 1 in Conjurations
   204 | D:1      | Reached XP level 2. HP: 15/17 MP: 0/4
   349 | D:1      | Learned a level 2 spell: Throw Flame
   806 | D:2      | Noticed Natasha
   820 | D:2      | Noticed a crimson imp
   821 | D:2      | Slain by Natasha

Levels and vault maps discovered:
D:1:      dpeg_arrival_line_fractal, layout_rooms
D:2:      layout_basic, uniq_natasha, uniq_robin

Skill      XL: |  1 |
---------------+----+-----
Conjurations   | 1 |  1.2
Dodging        | |  2.1
Stealth        | |  2.1
Spellcasting   | |  1.8
Fire Magic     | |  3.2

Action                   || total
-------------------------++-------
Melee: Dagger            ||    12
 Cast: Flame Tongue      ||    19
  Use: Potion            ||     1
 Stab: Sleeping          ||     1
Armor: Robe              ||     2
Dodge: Dodged            ||    17
